 Dungeon Crawl Stone Soup version 0.30.0-30-g96aa6591b8 (webtiles) character file.

Game seed: 5634021250014314311

954 cdecastro the Frost Mage (level 8, 0/57 HPs)
             Began as a Ghoul Ice Elementalist on June 29, 2023.
             Slain by a bullfrog zombie (5 damage)
             ... in an ossuary.
             The game lasted 00:14:18 (6095 turns).

cdecastro the Frost Mage (Ghoul Ice Elementalist)   Turns: 6095, Time: 00:14:19

Health: 0/57       AC:  4    Str: 12    XL:     8   Next: 14%
Magic:  0/10       EV: 12    Int: 12    God:
Gold:   269        SH:  0    Dex:  9    Spells: 4/11 levels left

rFire   + . .        v - +4 whip (venom)
rCold   + . .        (no shield)
rNeg    + + +        a - +0 robe
rPois   ∞            (no helmet)
rElec   .            j - +0 cloak
rCorr   .            o - +0 pair of gloves
SInv    .            (no boots)
Will    +....        (no amulet)
Stlth   ++           n - ring of protection from fire
HPRegen 0.00/turn    E - ring of willpower
MPRegen 0.12/turn

%: no passive effects
@: freezing walls, inhibited regen
A: claws 1, cold resistance 1, negative energy resistance 3, inhibited
regeneration, torment resistance 2, devour on kill
a: no special abilities


You were in an ossuary.
You visited 1 branch of the dungeon, and saw 6 of its levels.
You also visited: Ossuary.

You collected 269 gold pieces.

Inventory:

Hand Weapons
 v - a +4 whip of venom (weapon)
Missiles
 H - 7 poisoned darts
Armour
 a - a +0 robe (worn)
 j - a +0 cloak (worn)
 o - a +0 pair of gloves (worn)
Magical Staves
 F - the staff of earth "Caorphish" {rN+ Will- Dex+4}
   (You found it on level 4 of the Dungeon)

   [staff of earth]

   Base accuracy: +5 Base damage: 5 Base attack delay: 1.2 This weapon's minimum
   attack delay (0.6) is reached at skill level 12.
   Dex:       It affects your dexterity (+4).
   rN:        It protects you from negative energy.
   Will:      It decreases your willpower.
   It falls into the 'Staves' category.
   It is a one-clawed weapon.
Jewellery
 e - an amulet of guardian spirit
 n - a ring of protection from fire (left hand)
 u - a ring of magical power
 E - a ring of willpower (right hand)
 G - a ring of see invisible
Wands
 J - a wand of light (10)
Scrolls
 f - 3 scrolls of immolation {unknown}
 i - 2 scrolls of magic mapping {unknown}
 k - 2 scrolls of teleportation {unknown}
 m - 2 scrolls of identify {unknown}
 s - 2 scrolls of enchant armour {unknown}
 t - a scroll of blinking {unknown}
 w - a scroll of poison {unknown}
 y - a scroll of summoning {unknown}
 C - a scroll of torment {unknown}
 D - 2 scrolls of vulnerability {unknown}
 I - a scroll of amnesia {unknown}
 K - 2 scrolls of fog {unknown}
Potions
 b - 2 potions of magic
 c - a potion of ambrosia {unknown}
 d - 4 potions of heal wounds {unknown}
 g - a potion of attraction {unknown}
 h - 2 potions of flight {unknown}
 l - a potion of degeneration {unknown}
 p - a potion of curing {unknown}
 q - 3 potions of resistance {unknown}
 x - 3 potions of might {unknown}
 z - a potion of lignification {unknown}
 A - 2 potions of brilliance {unknown}
 B - a potion of mutation {unknown}


   Skills:
 * Level 5.7 Maces & Flails
 - Level 1.7 Dodging
 - Level 2.1 Stealth
 - Level 2.1 Spellcasting
 + Level 8.1 Ice Magic


You had 4 spell levels left.
You knew the following spells:

 Your Spells              Type           Power      Damage    Failure   Level
a - Freeze                Ice            80%        1d9       1%          1
b - Frozen Ramparts       Ice            40%        1d7       3%          3
c - Ozocubu's Armour      Ice            20%        N/A       3%          3

Your spell library contained the following spells:

 Spells                   Type           Power      Damage    Failure   Level
 Summon Ice Beast         Ice/Summ       11%        N/A       45%         4
 Stone Arrow              Conj/Erth      2%         3d7       63%         3
 Vhi's Electric Charge    Tloc/Air       2%         N/A       63%         3
 Animate Armour           Summ/Erth      2%         N/A       95%         4
 Metabolic Englaciation   Hex/Ice        5%         N/A       80%         5
 Arcjolt                  Conj/Air       0%         1d10      100%        5
 Simulacrum               Ice/Necr       5%         N/A       100%        6
 Lehudib's Crystal Spear  Conj/Erth      0%         10d2      100%        8
 Maxwell's Capacitive Co  Air            0%         ∞         100%        8


Dungeon Overview and Level Annotations

Branches:
Dungeon (6/15)            Ossuary (1/1)
 Temple: D:4-7

Altars:
Hepliaklqana

Annotations:
D:2 1 runed translucent door, Crazy Yiuf
D:5 exclusion: 2 doors, Grinder


Innate Abilities, Weirdness & Mutations

You are immune to poison.
You have sharp fingernails.
Your flesh is cold resistant. (rC+)
You are immune to negative energy. (rN+++)
You do not regenerate when monsters are visible.
You are immune to unholy pain and torment.
You thrive by killing the living.


Message History

You destroy the mummy!
Unknown command.
Unknown command.
Okay, then.
Unknown command.
The bullfrog zombie completely resists.
The wall freezes the bullfrog zombie but does no damage.
You barely miss the bullfrog zombie.
The bullfrog zombie is lightly damaged.
The bullfrog zombie completely resists.
The wall freezes the bullfrog zombie but does no damage.
The bullfrog zombie hits you but does no damage.
You whack the bullfrog zombie!
The bullfrog zombie is moderately damaged.
The wall freezes the bullfrog zombie but does no damage.
The bullfrog zombie closely misses you.
The bullfrog zombie completely resists.
The wall freezes the bullfrog zombie but does no damage.
The bullfrog zombie misses you.
You hit the bullfrog zombie.
The bullfrog zombie is moderately damaged.
The bullfrog zombie resists.
The wall freezes the bullfrog zombie.
The bullfrog zombie hits you.
* * * LOW HITPOINT WARNING * * *
You hit the bullfrog zombie.
The bullfrog zombie is heavily damaged.
The bullfrog zombie completely resists.
The wall freezes the bullfrog zombie but does no damage.
The bullfrog zombie hits you.
* * * LOW HITPOINT WARNING * * *
You hit the bullfrog zombie.
The bullfrog zombie is heavily damaged.
The bullfrog zombie completely resists.
The wall freezes the bullfrog zombie but does no damage.
The bullfrog zombie closely misses you.
You hit the bullfrog zombie.
The bullfrog zombie is severely damaged.
The bullfrog zombie completely resists.
The wall freezes the bullfrog zombie but does no damage.
The bullfrog zombie hits you.
You die...

## ## #. .#
###+#'#'#+#'#'#
#.'............
###.##Z##'##+##
P.~#.@.# #
#~~~~#.∩.#
##P..#..∩#
M#≈~##### ##..M
##.


You could see a bullfrog zombie.

Vanquished Creatures
  An ogre (D:5)
  A centaur (D:5)
  A water moccasin zombie (Ossuary)
  A bullfrog (D:5)
  3 bullfrog zombies (Ossuary)
  A centaur zombie (Ossuary)
  3 hounds
  An orc priest (D:4)
  3 iguanas
  4 orc wizards
  7 mummies (Ossuary)
  2 howler monkey zombies (Ossuary)
  6 adders
  A white imp (D:6)
  An ufetubus (D:5)
  A worm (D:4)
  2 dart slugs
  6 orcs
  6 bats
  4 endoplasms
  2 giant cockroaches
  4 goblins
  7 hobgoblins
  3 jackals (D:1)
  12 kobolds
  A quokka (D:4)
  6 ball pythons
  6 frilled lizards
  7 rats
103 creatures vanquished.

Notes
Turn   | Place    | Note
-------+----------+-------------------------------------------
     0 | D:1      | cdecastro the Ghoul Ice Elementalist began the quest for
                  | the Orb.
     0 | D:1      | Reached XP level 1. HP: 14/14 MP: 2/2
   256 | D:1      | Reached XP level 2. HP: 19/20 MP: 1/3
   329 | D:1      | Reached skill level 5 in Ice Magic
   598 | D:1      | Reached XP level 3. HP: 26/26 MP: 1/4
   777 | D:1      | Found a faded altar of an unknown god.
  1407 | D:2      | Learned a level 3 spell: Frozen Ramparts
  1694 | D:2      | Found a runed translucent door.
  1695 | D:2      | Noticed Crazy Yiuf
  1842 | D:2      | Reached skill level 6 in Ice Magic
  2065 | D:3      | Reached XP level 4. HP: 33/33 MP: 5/5
  2965 | D:3      | Reached skill level 1 in Maces & Flails
  3357 | D:4      | Reached XP level 5. HP: 19/38 MP: 2/7
  3363 | D:4      | Learned a level 3 spell: Ozocubu's Armour
  3470 | D:4      | Found a hazy altar of Hepliaklqana.
  3507 | D:4      | Identified the staff of earth "Caorphish" {rN+ Will- Dex+4}
  3541 | D:4      | Reached XP level 6. HP: 45/45 MP: 2/8
  4140 | D:5      | Entered Level 5 of the Dungeon
  4195 | D:5      | Reached skill level 7 in Ice Magic
  4516 | D:5      | Reached XP level 7. HP: 50/50 MP: 2/9
  4693 | D:5      | Noticed Grinder
  5665 | D:6      | Found a sand-covered staircase.
  5670 | Ossuary  | Entered an ossuary
  5762 | Ossuary  | Reached skill level 5 in Maces & Flails
  6044 | Ossuary  | Reached XP level 8. HP: 31/57 MP: 1/10
  6047 | Ossuary  | Reached skill level 8 in Ice Magic
  6095 | Ossuary  | Slain by a bullfrog zombie

Illustrated notes

Levels and vault maps discovered:
D:1:      shiori_arrival_maze, layout_loops_ring,
          shapermc_ecumenical_altar_ellora, minmay_tall_x
D:2:      minmay_alternating_diamond, layout_loops_ring, uniq_crazy_yiuf_cottage
D:3:      layout_basic
D:4:      layout_rooms, marbit_many_paths, amcnicky_altar_gilded,
          kennysheep_donut
D:5:      cheibrodos_two_vegetables, layout_gridville, uniq_grinder
D:6:      cheibrodos_iron_armory, layout_loops_ring, nicolae_ossuary_entry_plus,
          chequers_serial_rivers_large_b
Ossuary:  ossuary_zaba_flooded

Skill      XL: |  1  2  3  4  5  6  7  8 |
---------------+-------------------------+-----
Ice Magic      | 5 6 7 8 |  8.1
Maces & Flails | 1 2 3 5 |  5.7
Spellcasting   | 2 |  2.1
Dodging        | |  1.7
Stealth        | |  2.1

Action                     |  1- 3 |  4- 6 |  7- 9 || total
---------------------------+-------+-------+-------++-------
  Melee: Unarmed           |    11 |       |       ||    11
         Mace              |    21 |       |       ||    21
         Whip              |     4 |   107 |   150 ||   261
         Short sword       |     4 |       |       ||     4
         Punch             |       |     1 |     1 ||     2
   Cast: Freeze            |    42 |       |       ||    42
         Frozen Ramparts   |       |     8 |     6 ||    14
         Ozocubu's Armour  |       |     1 |     5 ||     6
   Stab: Sleeping          |     1 |     6 |       ||     7
 Armour: Robe              |    15 |    15 |    28 ||    58
  Dodge: Dodged            |    53 |    69 |    67 ||   189
